 Dungeon Crawl Stone Soup version 0.19.0 (webtiles) character file.

195 Querens the Shield-Bearer (level 5, -2/49 HPs)
             Began as a Gargoyle Fighter on Nov 2, 2016.
             Slain by a river rat (6 damage)
             ... in a sewer.
             The game lasted 00:08:12 (2028 turns).

Querens the Shield-Bearer (Gargoyle Fighter)        Turns: 2028, Time: 00:08:13

Health: -2/49      AC: 14    Str: 20    XL:     5   Next: 74%
Magic:  5/5        EV:  2    Int:  9    God:
Gold:   110        SH:  9    Dex:  9    Spells: 0 memorised, 4 levels left

rFire  . . .     SeeInvis .     a - +0 flail
rCold  . . .     Gourm    .     (armour currently unavailable)
rNeg   + + +     Faith    .     c - +0 shield
rPois  ∞         Spirit   .     (helmet currently unavailable)
rElec  .         Reflect  .     (cloak currently unavailable)
rCorr  .         Harm     .     (gloves currently unavailable)
MR     .....     NoTele   +     (boots currently unavailable)
Stlth  ..........               x - amulet of magic regeneration
                                (no ring)
                                w - ring of loudness (curse)

@: tree-form, corroded
A: negative energy resistance 1, (electricity resistance), (unbreathing),
petrification resistance, rot immunity, AC +4
a: no special abilities


You were in a sewer.
You were not hungry.
You were a tree.
You visited 1 branch of the dungeon, and saw 5 of its levels.
You also visited: Sewer.

You collected 110 gold pieces.

Inventory:

Hand Weapons
 a - a +0 flail (weapon)
Armour
 c - a +0 shield (worn)
 u - a +0 plate armour (melded)
 y - a +0 pair of boots (melded)
Jewellery
 w - a cursed ring of loudness (left branch)
 x - an amulet of magic regeneration (around neck)
Scrolls
 g - 3 scrolls of recharging {unknown}
 i - a scroll of teleportation {unknown}
 k - a scroll of remove curse {unknown}
 m - a scroll of enchant armour {unknown}
 o - 2 scrolls of fear {unknown}
 q - a scroll of blinking {unknown}
 r - a scroll of immolation {unknown}
 s - a scroll of fog {unknown}
 z - a scroll of amnesia {unknown}
 A - a scroll of random uselessness {unknown}
Potions
 d - 2 potions of might
 j - a potion of brilliance
 l - a potion of magic
 n - a potion of agility {unknown}
 p - a potion of lignification
 t - a potion of heal wounds {unknown}
 B - a potion of resistance {unknown}
Books
 C - a book of Minor Magic

   Spells                             Type                      Level
   a - Magic Dart                     Conjuration                  1
   b - Blink                          Translocation                2
   c - Call Imp                       Summoning                    2
   d - Repel Missiles                 Charms/Air                   2
   e - Slow                           Hexes                        2
   f - Conjure Flame                  Conjuration/Fire             3
   g - Mephitic Cloud                 Conjuration/Poison/Air       3
Comestibles
 f - 2 bread rations
 h - 6 fruits
 v - 2 slices of pizza
 D - a chunk of flesh


   Skills:
 + Level 4.0 Fighting
 + Level 3.9 Maces & Flails
 + Level 3.8 Armour
 + Level 4.7 Shields


You had 4 spell levels left.
You didn't know any spells.

Dungeon Overview and Level Annotations

Branches:
Dungeon (5/15)
 Temple: D:4-7

Altars:
Dithmenos
Elyvilon
Yredelemnul

Annotations:
D:4 1 runed door


Innate Abilities, Weirdness & Mutations

You are resistant to torment.
((Your stone body is resilient. (AC +4)))
You are immune to poison.
You resist negative energy. (rN+)
((You are resistant to electric shocks. (rElec)))
((You can survive without breathing.))
You are immune to petrification.
You are immune to rotting.


Message History

The rat barely misses you. You block the river rat's attack.
You thump the river rat!
The river rat is severely wounded.
The river rat bites you.
* * * LOW HITPOINT WARNING * * *
The rat twitches its whiskers. x2
You block the river rat's attack.
You feel better.
The river rat bites you but does no damage.
The river rat bites you.
* * * LOW HITPOINT WARNING * * *
You barely miss the river rat.
The river rat is severely wounded.
You block the river rat's attack. The river rat bites you.
* * * LOW HITPOINT WARNING * * *
You turn into a tree.
Your +0 pair of boots melds into your body.
Your +0 plate armour melds into your body.
Your roots penetrate the ground.
The river rat bites you.
You die... ############### #..rr♣rrr.....≈ ###############

You could see 2 river rats and 3 rats.

Vanquished Creatures
  A howler monkey (D:5)
  A jelly (D:5)
  4 adders
  2 adder zombies (D:5)
  A worm (D:2)
  3 dart slugs
  2 leopard geckos (D:3)
  4 orcs
  A ball python (D:2)
  3 giant cockroaches
  9 goblins
  7 hobgoblins
  4 jackals (D:3)
  6 bats
  5 frilled lizards
  4 kobolds
  A leopard gecko zombie (D:5)
  15 rats
73 creatures vanquished.

Notes
Turn   | Place    | Note
-------+----------+-------------------------------------------
     0 | D:1      | Querens the Gargoyle Fighter began the quest for the Orb.
     0 | D:1      | Reached XP level 1. HP: 14/14 MP: 1/1
    34 | D:1      | Reached XP level 2. HP: 17/19 MP: 2/2
   588 | D:1      | Reached XP level 3. HP: 23/23 MP: 3/3
   741 | D:2      | Found a shadowy altar of Dithmenos.
  1230 | D:3      | Reached XP level 4. HP: 29/29 MP: 4/4
  1537 | D:3      | Found a basalt altar of Yredelemnul.
  1671 | D:3      | Found a white marble altar of Elyvilon.
  1840 | D:4      | Found a runed door.
  1906 | D:4      | Noticed an ogre
  1911 | D:5      | Entered Level 5 of the Dungeon
  1965 | D:5      | Reached XP level 5. HP: 28/33 MP: 5/5
  1972 | D:5      | Found a glowing drain.
  2014 | D:5      | Noticed a hill giant
  2018 | Sewer    | Entered a sewer
  2028 | Sewer    | Slain by a river rat

Skill      XL: |  1  2  3  4 |
---------------+-------------+-----
Maces & Flails | 3 |  3.9
Shields        | 4 |  4.7
Fighting       | 4 |  4.0
Armour         | |  3.8

Action                   |  1- 3 |  4- 6 || total
-------------------------+-------+-------++-------
Melee: Flail             |   183 |   168 ||   351
  Use: Scroll            |       |     4 ||     4
       Potion            |       |     2 ||     2
  Eat: Chunk             |     1 |     4 ||     5
Armor: Scale mail        |    83 |       ||    83
       Plate armour      |    19 |   144 ||   163
Dodge: Dodged            |    62 |    37 ||    99
Block: Shield            |   109 |   130 ||   239
